 Dungeon Crawl Stone Soup version 0.30-a0-373-gd37427bb62 (webtiles) character file.

Game seed: 8495056513124127120

13449 NinjaNoafa the Prestidigitator (level 11, -8/83 HPs)
             Began as a Yellow Draconian Fire Elementalist on Nov 24, 2022.
             Was a Believer of Vehumet.
             Mangled by a tyrant leech (24 damage)
             ... on level 2 of the Lair of Beasts.
             The game lasted 00:31:31 (13223 turns).

NinjaNoafa the Prestidigitator (DrFE)              Turns: 13223, Time: 00:31:32

Health: -8/83      AC: 12    Str: 10      XL:     11   Next: 75%
Magic:  0/20       EV: 17    Int: 18 (19) God:    Vehumet [**....]
Gold:   123        SH:  0    Dex: 13      Spells: 14/22 levels left

rFire   + + .      SeeInvis .    a - staff of fire
rCold   . . .      Faith    .    L - orb {*channel}
rNeg    . . .      Spirit   +    (body armour unavailable)
rPois   .          Reflect  .    (helmet restricted)
rElec   .          Harm     .    M - +2 cloak
rCorr   +          Rampage  .    (no gloves)
Will    +....                    A - +1 pair of boots of Qyfukh {Will+}
Stlth   ++........               K - amulet of guardian spirit
HPRegen 0.33/turn                B - ring of protection from fire
MPRegen 0.17/turn                i - +4 ring of evasion

@: no status effects
A: spit acid, AC +7, unfitting armour, cold-blooded, acid resistance
a: Breathe Acid, Renounce Religion


You were on level 2 of the Lair of Beasts.
You worshipped Vehumet.
Vehumet was pleased with you.
You visited 3 branches of the dungeon, and saw 12 of its levels.

You collected 696 gold pieces.
You spent 573 gold pieces at shops.

Inventory:

Missiles
 g - 169 stones
 m - 4 javelins
 n - 14 boomerangs
Armour
 A - the +1 pair of boots of Qyfukh (worn) {Will+}
   (You found it on level 6 of the Dungeon)

   Will:      It increases your willpower.
 L - an orb of energy (worn)
 M - a +2 cloak (worn)
Magical Staves
 a - a staff of fire (weapon)
Jewellery
 i - a +4 ring of evasion (right hand)
 l - a ring of see invisible
 s - a ring of poison resistance
 B - a ring of protection from fire (left hand)
 J - a ring of protection from cold
 K - an amulet of guardian spirit (around neck)
Wands
 q - a wand of polymorph (2)
 v - a wand of roots (38)
 C - a wand of mindburst (10)
Scrolls
 c - 3 scrolls of immolation {unknown}
 d - 6 scrolls of fog
 e - 4 scrolls of silence
 f - a scroll of noise
 h - 3 scrolls of brand weapon {unknown}
 j - 5 scrolls of teleportation
 o - 3 scrolls of vulnerability {unknown}
 p - 2 scrolls of blinking {unknown}
 r - 2 scrolls of poison {unknown}
 x - 2 scrolls of enchant armour {unknown}
 y - 2 scrolls of enchant weapon {unknown}
 E - a scroll of amnesia
 H - a scroll of fear
Potions
 b - a potion of might
 k - a potion of mutation
 t - a potion of attraction
 u - a potion of heal wounds
 w - 3 potions of curing
 z - 2 potions of cancellation
 D - a potion of flight
 F - 2 potions of lignification
 G - a potion of haste


   Skills:
 - Level 3.6 Fighting
 + Level 4.2 Staves
 + Level 3.4 Dodging
 - Level 1.7 Stealth
 + Level 6.2 Spellcasting
 - Level 4.0 Conjurations
 - Level 4.0 Hexes
 + Level 1.6 Translocations
 - Level 10.0 Fire Magic
 + Level 1.6 Air Magic
 + Level 12.1 Evocations


You had 14 spell levels left.
You knew the following spells:

 Your Spells              Type           Power      Damage    Failure   Level
a - Foxfire               Conj/Fire      100%       2x1d9     1%          1
b - Scorch                Fire           100%       2d10      1%          2
c - Inner Flame           Hex/Fire       46%        N/A       1%          3
d - Searing Ray           Conj           40%        2d5       3%          2

Your spell library contained the following spells:

 Spells                   Type           Power      Damage    Failure   Level
 Kiss of Death            Conj/Necr      48%        2d9       5%          1
 Kindle Blastsparks       Fire/Tloc/Air  64%        2d15      6%          3
 Flame Wave               Conj/Fire      46%        2d12      7%          4
 Ensorcelled Hibernation  Hex/Ice        24%        N/A       8%          2
 Passwall                 Tmut/Erth      4%         N/A       19%         2
 Swiftness                Air            11%        N/A       19%         3
 Ozocubu's Armour         Ice            5%         N/A       34%         3
 Metabolic Englaciation   Hex/Ice        6%         N/A       82%         5
 Simulacrum               Ice/Necr       2%         N/A       100%        6


Dungeon Overview and Level Annotations

Branches:
Dungeon (9/15)             Temple (1/1) D:7            Lair (2/5) D:8
  Swamp: Lair:2-3    Shoals: Lair:2-3     Snake: Lair:2-3    Spider: Lair:2-3
    Orc: D:9-12

Altars:
Ashenzari
Dithmenos
Elyvilon
Fedhas
Gozag
Hepliaklqana
Kikubaaqudgha
Makhleb
Nemelex Xobeh
Okawaru
Qazlal
Ru
Sif Muna
Trog
Uskayaw
Vehumet
Wu Jian
Yredelemnul
Zin
The Shining One

Shops:
D:3 ([:*:


Innate Abilities, Weirdness & Mutations

You can spit globs of acid.
Your golden yellow scales are hard. (AC +7)
You cannot fit into any form of body armour.
You are cold-blooded and may be slowed by cold attacks.
You are resistant to acid. (rCorr)


Message History

Your foxfire dissipates!
The foxfire hits the tyrant leech!
The tyrant leech is heavily wounded.
Casting: Foxfire (safe; 1% risk of failure)
Confirm with . or Enter, or press ? or * to list all spells.
You feel a surge of power!
You conjure some foxfire!
The foxfire hits the tyrant leech but does no damage.
The tyrant leech is heavily wounded.
The foxfire hits the tyrant leech.
The tyrant leech is heavily wounded.
Casting: Foxfire (safe; 1% risk of failure)
Confirm with . or Enter, or press ? or * to list all spells.
You feel a surge of power!
You conjure some foxfire!
Your foxfire dissipates!
The foxfire hits the tyrant leech.
The tyrant leech is heavily wounded.
Casting: Foxfire (safe; 1% risk of failure)
Confirm with . or Enter, or press ? or * to list all spells.
You feel a surge of power!
Flames lash the tyrant leech.
The tyrant leech is severely wounded.
The tyrant leech's fire resistance burns away.
Casting: Scorch (safe; 1% risk of failure)
Confirm with . or Enter, or press ? or * to list all spells.
You feel a surge of power!
Flames lash the tyrant leech.
The tyrant leech is burned terribly!
The tyrant leech is almost dead.
Casting: Scorch (safe; 1% risk of failure)
Confirm with . or Enter, or press ? or * to list all spells.
You don't have enough magic to cast this spell.
You barely miss the tyrant leech.
The tyrant leech is almost dead.
The tyrant leech bites you!
* * * LOW HITPOINT WARNING * * *
The tyrant leech draws strength from your injuries!
You miss the tyrant leech.
The tyrant leech is almost dead.
You barely miss the tyrant leech.
The tyrant leech is almost dead.
The tyrant leech bites you!!
You die...

.....................#
####..<..
.............P.......#
##.÷..
..............###....#
#..). ......P......##
#.♣♣♣♣ .##.. .............#
##♣♣ . #.. .............#
#.♣♣ # ...
...............#.. ...
......#.......##.♣
.....P##[....##.@♣♣
......########..w.♣♣
......# ##.....♣###♣ ....
......# #.>.....##.### ....
...... #......##.##.###
.... ##.............# #...
. #............## #..#
..######.†..........####..#
........†.##.........##...#


You could see a tyrant leech (combustible).

Vanquished Creatures
  A hydra (Lair:2)
  A black mamba (Lair:1)
  5 elephants (Lair:2)
  A gargoyle (D:8)
  2 cane toads (Lair:2)
  A rime drake (Lair:1)
  3 komodo dragons
  5 blink frogs (Lair:2)
  Prince Ribbit (D:7)
  22 yaks
  A wyvern (Lair:1)
  2 basilisks
  3 steam dragons (D:7)
  2 swamp worms (Lair:2)
  3 nagas (Lair:2)
  5 water moccasins
  4 black bears
  An orc warrior (D:7)
  A sky beast (D:7)
  2 ice beasts
  An ogre (D:5)
  3 wolves (Lair:1)
  A centaur (D:9)
  A phantom (D:6)
  A gnoll sergeant (D:8)
  6 bullfrogs
  2 scorpions (D:4)
  3 wights (D:6)
  A killer bee (D:9)
  3 hounds
  3 jellies
  6 orc priests
  5 iguanas
  3 orc wizards
  7 adders
  7 gnolls
  3 shadow imps
  5 white imps
  4 worms
  3 dart slugs
  19 orcs
  7 ball pythons
  8 endoplasms
  2 giant cockroaches (D:4)
  3 goblins
  5 hobgoblins
  5 quokkas
  6 bats
  4 frilled lizards
  10 kobolds
  7 rats
  A bush (Lair:1)
  A butterfly (Lair:1)
  A toadstool (D:3)
213 creatures vanquished.

Vanquished Creatures (collateral kills)
  6 foxfires
6 creatures vanquished.

Vanquished Creatures (others)
  829 foxfires
  4 fungi
  8 plants
  3 toadstools (D:3)
844 creatures vanquished.

Grand Total: 1063 creatures vanquished

Notes
Turn   | Place    | Note
-------+----------+-------------------------------------------
     0 | D:1      | NinjaNoafa the Draconian Fire Elementalist began the quest
                  | for the Orb.
     0 | D:1      | Reached XP level 1. HP: 14/14 MP: 3/3
   522 | D:1      | Reached XP level 2. HP: 20/20 MP: 2/5
  1179 | D:1      | Found a faded altar of an unknown god.
  1192 | D:1      | Learned a level 2 spell: Scorch
  1825 | D:2      | Reached XP level 3. HP: 26/26 MP: 3/7
  2005 | D:2      | You fall into a shaft and drop 2 floors!
  2048 | D:4      | Noticed a black bear
  2060 | D:4      | Killed a black bear
  2061 | D:4      | Reached XP level 4. HP: 25/33 MP: 6/8
  2229 | D:4      | Reached XP level 5. HP: 7/38 MP: 0/9
  2477 | D:4      | Noticed an ice beast
  2486 | D:4      | Killed an ice beast
  2487 | D:4      | Reached skill level 5 in Fire Magic
  2583 | D:4      | Reached XP level 6. HP: 45/45 MP: 2/10
  2932 | D:4      | Reached skill level 1 in Evocations
  3298 | D:3      | Found Vutetedgh's Antique Weapon Shop.
  3306 | D:3      | Identified the +2 scale mail of the Ego {*Corrode rF+ Int+4
                  | SInv}
  3510 | D:2      | Reached skill level 1 in Fighting
  3776 | D:2      | Reached skill level 1 in Staves
  4019 | D:2      | Reached skill level 2 in Evocations
  5001 | D:3      | Your scales start taking on a golden yellow colour.
  5001 | D:3      | Reached XP level 7. HP: 47/53 MP: 2/11
  5001 | D:3      | Gained mutation: You are resistant to acid. (rCorr) [Yellow
                  | Draconian growth]
  5107 | D:3      | Found Gotsulot's Book Boutique.
  5196 | D:3      | Found Qyrpho's Assorted Antiques.
  5230 | D:3      | Bought a blackened wooden wand for 88 gold pieces
  5230 | D:3      | Bought a scroll labelled CIRGHE OPNIPH for 22 gold pieces
  5230 | D:3      | Bought a scroll labelled CIRGHE OPNIPH for 22 gold pieces
  5230 | D:3      | Bought an onyx ring for 110 gold pieces
  5286 | D:3      | Found Yttanun's Book Shoppe.
  5501 | D:3      | Found Miggig's Antique Armour Shoppe.
  5814 | D:5      | Entered Level 5 of the Dungeon
  5970 | D:5      | Identified the +7 hand axe "Hafir" {venom, rC+ Will+}
  6284 | D:5      | Reached skill level 3 in Evocations
  6675 | D:6      | Reached skill level 4 in Evocations
  6875 | D:6      | Reached skill level 5 in Evocations
  6880 | D:6      | Reached XP level 8. HP: 20/60 MP: 4/14
  7153 | D:6      | Found a glowing silver altar of Zin.
  7192 | D:6      | Identified the +1 pair of boots of Qyfukh {Will+}
  7240 | D:6      | Found a blossoming altar of Fedhas.
  7689 | D:7      | Noticed Prince Ribbit
  7696 | D:7      | Killed Prince Ribbit
  7999 | D:7      | Learned a level 3 spell: Inner Flame
  8006 | D:7      | Reached skill level 1 in Hexes
  8006 | D:7      | Reached XP level 9. HP: 64/69 MP: 7/15
  8367 | D:7      | Reached skill level 6 in Evocations
  8696 | D:7      | Found a staircase to the Ecumenical Temple.
  8783 | Temple   | Entered the Ecumenical Temple
  9088 | Temple   | Became a worshipper of Vehumet
  9176 | D:8      | Found a staircase to the Lair.
  9321 | D:8      | Found an ornate altar of the Wu Jian Council.
  9667 | D:8      | Noticed a gargoyle
  9676 | D:8      | Killed a gargoyle
  9677 | D:8      | Reached skill level 7 in Evocations
 10311 | D:3      | Bought a runed orb for 204 gold pieces
 10311 | D:3      | Bought a glowing cloak for 127 gold pieces
 10510 | D:8      | Found a shimmering blue altar of Sif Muna.
 10765 | D:9      | Reached skill level 8 in Evocations
 10786 | Lair:1   | Entered Level 1 of the Lair of Beasts
 11057 | Lair:1   | Reached XP level 10. HP: 60/77 MP: 8/17
 11064 | Lair:1   | Reached skill level 5 in Spellcasting
 11090 | Lair:1   | Reached skill level 9 in Evocations
 11294 | Lair:1   | Noticed a black mamba
 11300 | Lair:1   | Killed a black mamba
 11464 | Lair:1   | Reached * piety under Vehumet
 11464 | Lair:1   | Offered knowledge of Kiss of Death by Vehumet.
 11760 | Lair:1   | Reached skill level 10 in Fire Magic
 11760 | Lair:1   | Reached skill level 10 in Evocations
 11865 | Lair:1   | Learned a level 1 spell: Kiss of Death
 12327 | Lair:2   | Noticed an elephant
 12329 | Lair:2   | Noticed an elephant
 12335 | Lair:2   | Noticed an elephant
 12335 | Lair:2   | Noticed an elephant
 12337 | Lair:2   | Noticed an elephant
 12339 | Lair:2   | Killed an elephant
 12339 | Lair:2   | Killed an elephant
 12339 | Lair:2   | Killed an elephant
 12340 | Lair:2   | Reached skill level 11 in Evocations
 12340 | Lair:2   | Reached XP level 11. HP: 43/82 MP: 8/20
 12619 | Lair:2   | Reached skill level 12 in Evocations
 12932 | Lair:2   | Noticed an eight-headed hydra
 12937 | Lair:2   | Killed an eight-headed hydra
 12952 | Lair:2   | Offered knowledge of Searing Ray by Vehumet.
 12957 | Lair:2   | Reached ** piety under Vehumet
 12958 | Lair:2   | Reached skill level 1 in Translocations
 12958 | Lair:2   | Reached skill level 1 in Air Magic
 13143 | Lair:2   | Learned a level 2 spell: Searing Ray
 13158 | Lair:2   | HP: 4/82 [poisoned by a cane toad]
 13223 | Lair:2   | Mangled by a tyrant leech

Illustrated notes

Levels and vault maps discovered:
D:1:      dpeg_arrival_round_c, layout_basic,
          shapermc_ecumenical_altar_notcrosses, serial_co_window_serial,
          co_window_cross_1, co_window_corner_a, co_window_of_opportunity_a,
          co_window_paths_a, co_window_corner_a, co_window_of_opportunity_a,
          co_window_paths_a, co_window_paths_c, co_window_broadway_c,
          co_window_of_opportunity_c, co_window_corner_b, co_window_corner_cb,
          glass_columns_b, glass_columns_a, glass_columns_b,
          serial_bayou_lagoon_a
D:2:      layout_loops_ring, minmay_box_of_dots
D:3:      cheibrodos_pilgrimage, layout_basic, serial_shops,
          nicolae_shop_crystal, shop, nicolae_shop_waterfront, shop,
          shop_statue, minmay_gold_behind_fungi, minivault_11,
          nrook_mini_vaults, dk_vineyard_3
D:4:      layout_basic
D:5:      layout_basic, eino_tiny_chamber
D:6:      layout_cave_pools, lemuel_round_altar, fedhas_altar_fruit_tree
D:7:      kennysheep_six_static_rooms, layout_rooms,
          minmay_temple_entry_enclosed_plants, uniq_prince_ribbit1
D:8:      layout_loops_corners, lemuel_blue_sif_altar,
          mainiacjoe_overflow_concentric_impassable, lair_entry_dummy
D:9:      layout_gridville, david_orc_3, minmay_guarded_unrand_finisher,
          uniq_harold
Temple:   minmay_temple_bridge_d
Lair:1:   layout_chaotic_city, lemuel_fruit_fields, grunt_megastairs_4
Lair:2:   layout_cellular_growth, minmay_swamp_entry_worms,
          minmay_snake_entry_guardpost_small, columned_hall_lemuel,
          lemuel_fruit_tree

Skill      XL: |  1  2  3  4  5  6  7  8  9 10 11 |
---------------+----------------------------------+-----
Spellcasting   | 3 4 6 |  6.2
Conjurations   | 2 3 4 |  4.0
Fire Magic     | 4 5 8 10 | 10.0
Dodging        | 2 3 |  3.4
Evocations     | 2 5 8 11 12 | 12.1
Fighting       | 1 2 3 |  3.6
Staves         | 1 2 3 4 |  4.2
Hexes          | 1 3 4 |  4.0
Translocations | 1 |  1.6
Air Magic      | 1 |  1.6
Stealth        | |  1.7

Action                   |  1- 3 |  4- 6 |  7- 9 | 10-12 || total
-------------------------+-------+-------+-------+-------++-------
Melee: Short sword       |     1 |     6 |       |       ||     7
       Staff             |       |    34 |    63 |    45 ||   142
       Tailslap          |       |     5 |     7 |     7 ||    19
 Cast: Foxfire           |    73 |   151 |   189 |   119 ||   532
       Scorch            |       |     5 |    18 |    17 ||    40
       Inner Flame       |       |       |    15 |    19 ||    34
       Searing Ray       |       |       |       |     2 ||     2
 Abil: Breathe Acid      |       |       |     5 |     4 ||     9
  Use: Potion            |     1 |     3 |     3 |     5 ||    12
       Scroll            |       |       |     7 |     4 ||    11
Armor: Skin              |     5 |    25 |    23 |    17 ||    70
Dodge: Dodged            |    21 |    36 |    68 |    62 ||   187

Table legend: (Time is in decaauts)
 A = Elapsed time spent in this place.
 B = Non-inter-level travel time spent in this place.
 C = Inter-level travel time spent in this place.
 D = Time resting spent in this place.
 E = Time spent auto-exploring this place.
 F = Levels seen in this place.
 G = Mean time per level.
                   A        B        C        D        E       F      G
               +--------+--------+--------+--------+--------+-----+--------+
         Total |  13238 |  12172 |   1066 |      0 |  10587 |  12 | 1103.2 |
       Dungeon |  10423 |   9537 |    886 |      0 |   8323 |   9 | 1158.1 |
        Temple |    378 |    230 |    148 |      0 |    215 |   1 |  378.0 |
          Lair |   2436 |   2404 |     32 |      0 |   2049 |   2 | 1218.0 |
               +--------+--------+--------+--------+--------+-----+--------+

Top non-repeatable levels by time:
     D:1: 1831 daAuts
     D:4: 1665 daAuts
  Lair:1: 1448 daAuts
     D:2: 1392 daAuts
     D:7: 1268 daAuts
     D:8: 1211 daAuts
     D:3: 1198 daAuts
     D:6: 1014 daAuts
  Lair:2: 988 daAuts
     D:5: 821 daAuts
  Temple: 378 daAuts
     D:9: 19 daAuts
